 Dungeon Crawl Stone Soup version 0.26.0-18-gc5c842f807 (webtiles) character file.

Game seed: 16522731233930995535

25 thiole the Sneak (level 3, -3/21 HPs)
             Began as an Octopode Hedge Wizard on Jan 23, 2021.
             Slain by a gnoll
             ... wielding a +0 whip
              (8 damage)
             ... on level 2 of the Dungeon.
             The game lasted 00:02:14 (1009 turns).

thiole the Sneak (Octopode Hedge Wizard)            Turns: 1009, Time: 00:02:14

Health: -3/21      AC:  1    Str:  6 (9)  XL:     3   Next: 6%
Magic:  1/7        EV: 13    Int: 16 (17) God:
Gold:   40         SH:  0    Dex:  8 (11) Spells: 7/8 levels left

rFire    . . .     SeeInvis .   a - +0 dagger
rCold    . . .     Faith    .   (no shield)
rNeg     . . .     Spirit   .   b - +0 hat
rPois    .         Reflect  .   (no amulet)
rElec    .         Harm     .   (no ring)
rCorr    .         Rampage  .   (no ring)
Will     .....                  (no ring)
Stlth    +++.......             (no ring)
HPRegen  0.07/turn              (no ring)
MPRegen  0.10/turn              (no ring)
                                (no ring)
                                (no ring)

@: no status effects
A: almost no armour, stealthy swim, amphibious, 8 rings, constrict 8, camouflage
1, gelatinous body 1
a: no special abilities


You were on level 2 of the Dungeon.
You visited 1 branch of the dungeon, and saw 2 of its levels.

You collected 40 gold pieces.

Inventory:

Hand Weapons
 a - a +0 dagger (weapon)
Armour
 b - a +0 hat (worn)
Scrolls
 c - a scroll of teleportation {unknown}
 d - a scroll of noise {unknown}
 e - 2 scrolls of enchant weapon {unknown}
 g - 3 scrolls of identify {unknown}
Potions
 f - a potion of degeneration
 h - a potion of brilliance {unknown}


   Skills:
 - Level 2.0 Dodging
 + Level 3.2 Stealth
 + Level 3.2 Spellcasting
 * Level 1.6 Conjurations
 * Level 1.8 Summonings
 - Level 1.0 Translocations


You had 7 spell levels left.
You knew the following spells:

 Your Spells              Type           Power        Failure   Level
a - Magic Dart            Conj           28%          10%         1

Your spell library contained the following spells:

 Spells                   Type           Power        Failure   Level
 Call Imp                 Summ           8%           13%         2
 Blink                    Tloc           N/A          19%         2
 Slow                     Hex            2%           28%         2
 Conjure Flame            Conj/Fire      5%           36%         3
 Mephitic Cloud           Conj/Pois/Air  4%           41%         3


Dungeon Overview and Level Annotations

Branches:
Dungeon (2/15)

Altars:
Kikubaaqudgha


Innate Abilities, Weirdness & Mutations

You cannot wear most types of armour.
You are very stealthy in the water. (Stealth+)
You are amphibious.
You can wear up to eight rings at the same time.
You can use your tentacles to constrict eight enemies at once.
Your skin changes colour to match your surroundings (Stealth+).
Your rubbery body absorbs attacks. (AC +1, EV +1)


Message History

The hobgoblin is moderately wounded.
You constrict the hobgoblin. The hobgoblin hits you.
You release your grip on the hobgoblin.
You see here a stone.
Your magical contamination has completely faded away.
You see here a stone.
The hobgoblin closely misses you.
There is a stone staircase leading down here.
You closely miss the gnoll. You grab the gnoll. You constrict the gnoll.
The gnoll completely misses you.
You hit the gnoll.
The gnoll is moderately wounded.
You constrict the gnoll. The gnoll hits you with a +0 whip!
* * * LOW HITPOINT WARNING * * *
It was a potion of degeneration.
There was something very wrong with that liquid.
You feel weakened.
You feel dopey.
You feel clumsy.
You constrict the gnoll, but do no damage.
The gnoll hits you with a +0 whip!
You die...

.#. ###. .#.#
..♣.###.† ...
♣.....#(###.#
♣P.P<##..# ♣
♣♣.P.#...###.# .P
♣♣............
..P♣.♣♣♣#...###.#
♣.....♣♣........#
♣♣.PP.♣♣#@######
P♣..PP†#g#
...P♣♣.P.b# ..
♣§♣♣.(#
#..P♣♣.#(#
.......(.§((#
♣#...#§♣§.###
.......♣.#
♣.!g..PP.


You could see a gnoll and a bat.

Vanquished Creatures
  2 leopard geckos (D:1)
  A ball python (D:1)
  3 goblins (D:1)
  5 hobgoblins (D:1)
  5 kobolds
  A quokka (D:2)
  A bat (D:1)
  A frilled lizard (D:1)
  2 rats
21 creatures vanquished.

Vanquished Creatures (others)
  5 plants (D:2)
5 creatures vanquished.

Grand Total: 26 creatures vanquished

Notes
Turn   | Place    | Note
-------+----------+-------------------------------------------
     0 | D:1      | thiole the Octopode Hedge Wizard began the quest for the
                  | Orb.
     0 | D:1      | Reached XP level 1. HP: 11/11 MP: 4/4
   206 | D:1      | Reached XP level 2. HP: 17/17 MP: 0/6
   975 | D:2      | Reached XP level 3. HP: 21/21 MP: 2/7
   982 | D:2      | Found an ancient bone altar of Kikubaaqudgha.
  1009 | D:2      | Slain by a gnoll

Illustrated notes

Levels and vault maps discovered:
D:1:      sevenhm_arrival_forest_fort_small_4, layout_loops_ring
D:2:      wad_woods_stonehenge, layout_loops_corners,
          chequers_temple_overflow_statue_of_worship, st_stairs_11,
          serial_bayou_lagoon_a, minmay_misc_feat_hallway

Skill      XL: |  1  2 |
---------------+-------+-----
Stealth        | 3 |  3.2
Dodging        | |  2.0
Spellcasting   | |  3.2
Conjurations   | |  1.6
Summonings     | |  1.8
Translocations | |  1.0

Action                   || total
-------------------------++-------
Melee: Dagger            ||    13
       Constrict         ||     5
       Tentacles         ||     1
 Cast: Magic Dart        ||    42
  Use: Potion            ||     1
Dodge: Dodged            ||    13
